Unix NetHack Version 3.7.0-94 Work-in-progress - last build Dec 13 2023 01:40:03 (eb5afe49d650b6f5c6196fad733e3b2b9fb6c025,branch:master). Game began 2023-12-13 19:10:13, ended 2023-12-13 19:52:46. xororand, neutral male human Priest ------ ----- ------- --.......------ --..<| 0|.....| |..--.........| -.....| ..@_..| |..|---------.| ...|..- |..)).| |..| ----.....-|.- --.|--- --..| |......... 0Gh| --...-- |....|.-- ... -.....| |..- --- ..- .......... |..| --... .......--- |.-- ...[. ...|...| |.| ..--....------ --- .. -..|...-- | |.....-- --..--- Xororand the Acolyte St:11 Dx:16 Co:11 In:15 Wi:13 Ch:10 Neutral S:785 Dlvl:6 $:53 HP:0(25) Pw:20(41) AC:3 Xp:4/118 T:1173 Burdened Latest messages: Swapping: p - a pick-axe. That door is closed. The door opens. The priest of Crom intones: "Pilgrim, you enter a sacred place!" You experience a sense of peace. The gnome misses! The gnome misses! The gnome just misses! You kill the gnome! You have much trouble lifting a gnome corpse. Continue? [ynq] (q) y You have much trouble lifting F - a gnome corpse. You stagger under your heavy load. Movement is very hard. You hear someone praising Crom. What do you want to sacrifice? [xF or ?*] ? Your sacrifice is consumed in a plume of smoke! Your movements are only slowed slightly by your load. It is hit. A dagger misses you. You are hit by a dagger. You see here a blessed dagger. The gnome lord thrusts his dagger. The gnome lord misses! You hit the gnome lord! You kill the gnome lord! You have a little trouble lifting G - a tin. You have much trouble lifting a gnome lord corpse. Continue? [ynq] (q) y You have much trouble lifting H - a gnome lord corpse. You stagger under your heavy load. Movement is very hard. The gnome misses! You see here a blessed dagger. What do you want to sacrifice? [xH or ?*] ? Your sacrifice is consumed in a plume of smoke! You glimpse a four-leaf clover at your feet. Your movements are only slowed slightly by your load. You hear a door open. You see here a blessed dagger. The gnome misses! The dwarf swings his pick-axe. The dwarf hits! You hit the dwarf! The gnome hits! The dwarf swings his pick-axe. The dwarf hits! You die... Do you want your possessions identified? [ynq] (y) n Do you want to see your attributes? [ynq] (y) n Do you want an account of creatures vanquished? [ynaq] (y) n Do you want to see your conduct and achievements? [ynq] (y) n Do you want to see the dungeon overview? [ynq] (y) n Inventory: Coins $ - 53 gold pieces Weapons a - a blessed +1 mace (weapon in left hand) Armor u - a +0 orcish helm (being worn) D - a blessed +1 pair of iron shoes (being worn) c - a blessed +0 small shield (being worn) b - a +0 robe (being worn) Comestibles e - a clove of garlic q - 2 food rations f - a sprig of wolfsbane r - a tripe ration z - a cursed tripe ration G - a tin of french fried orc shaman meat x - a lichen corpse Scrolls k - a scroll of destroy armor o - a blessed scroll of identify j - a scroll of stinking cloud Spellbooks g - a spellbook of detect monsters h - a spellbook of extra healing s - a blessed spellbook of force bolt Potions t - 2 potions of healing E - a blessed potion of restore ability l - a blessed potion of see invisible d - 3 potions of holy water Rings v - a ring of invisibility (on left hand) m - a ring of searching Wands w - a wand of light (0:8) B - a wand of probing (0:6) Tools i - an oil lamp p - a +0 pick-axe A - a tallow candle Gems/Stones y - 3 worthless pieces of blue glass n - a worthless piece of yellow glass Xororand the Priest's attributes: Background: You were an Acolyte, a level 4 human Priest. You were neutral, on a mission for Crom who was opposed by Mitra (lawful) and Set (chaotic). You were left-handed. You were in the Gnomish Mines, on level 6. You entered the dungeon 1173 turns ago. There was a new moon in effect when your adventure ended. You had 118 experience points, 42 more were needed to attain level 5. Your score was 785 before end-of-game adjustments. Basics: You had 0 out of 25 hit points. You had 20 out of 41 energy points (spell power). Your armor class was 3. Your wallet contained 53 zorkmids. Autopickup was off. Final Characteristics: Your strength was 11 (limit:18/100). Your dexterity was 16 (limit:18). Your constitution was 11 (limit:18). Your intelligence was 15 (limit:18). Your wisdom was 13 (limit:18). Your charisma was 10 (limit:18). Final Status: You weren't hungry. You were burdened; movement was slightly slowed. You were wielding a mace. You had basic skill with mace. Final Attributes: You were devoutly aligned. You were invisible. You were guarded. You were lucky. You are dead. Miscellaneous: You never encountered a bones level. Total elapsed playing time was 5 minutes and 20 seconds. Major events: Turn 1: xororand the neutral human Priest entered the dungeon 840: entered the Gnomish Mines 871: attained the rank of Acolyte (level 3) 1016: reached Mine Town 1173: killed by a dwarf Vanquished creatures: a gnome leader 2 dwarves 2 yellow molds 12 gnomes a gnome zombie a jackal a kobold a goblin a sewer rat a grid bug 5 lichens 2 newts 30 creatures vanquished. No species were genocided or became extinct. Voluntary challenges: You read items or engraved 2 times. You never engraved Elbereth. You never genocided any monsters. You never polymorphed an object. You never changed form. You used no wishes. Achievements: You entered the Gnomish Mines. You attained the rank of Acolyte. You entered Minetown. You entered a temple. The Dungeons of Doom: levels 1 to 2 Level 1: A fountain. Level 2: An altar, a fountain. Stairs down to The Gnomish Mines. The Gnomish Mines: levels 3 to 6 Level 3: Level 4: Level 5: Level 6: <- You were here. A temple and an altar to Crom. Final resting place for you, killed by a dwarf. Game over: ---------- / \ / REST \ / IN \ / PEACE \ / \ | xororand | | 53 Au | | killed by a | | dwarf | | | | | | 2023 | *| * * * | * _________)/\\_//(\/(/\)/\//\/|_)_______ Goodbye xororand the Priest... You died in The Gnomish Mines on dungeon level 6 with 780 points, and 53 pieces of gold, after 1173 moves. You were level 4 with a maximum of 25 hit points when you died.